 Dungeon Crawl Stone Soup version 0.32-a0-131-g9dbbe29261 (webtiles) character file.

Game seed: 860961621121733774

21 Ceno the Chiller (level 2, -2/24 HPs)
             Began as a Naga Ice Elementalist on Feb 8, 2024.
             Slain by a goblin
             ... wielding a +0 club
             ... led by Robin
              (5 damage)
             ... on level 2 of the Dungeon.
             The game lasted 00:02:52 (890 turns).

Ceno the Chiller (Naga Ice Elementalist)             Turns: 890, Time: 00:02:52

Health: -2/24      AC:  1    Str: 10    XL:     2   Next: 83%
Magic:  5/5        EV:  9    Int: 15    God:
Gold:   74         SH:  0    Dex: 11    Spells: 4/5 levels left

rFire   . . .        (no weapon)
rCold   . . .        (no shield)
rNeg    . . .        a - +0 robe
rPois   +            (no helmet)
rElec   .            (no cloak)
rCorr   .            (no gloves)
SInv    +            (no barding)
Will    .....        (no amulet)
Stlth   ++           (no ring)
HPRegen 0.24/turn    (no ring)
MPRegen 0.09/turn

%: no passive effects
@: very slow
A: AC +0, large, see invisible, deformed body, poison resistance, slowness 2,
spit poison 1, naga tail 1
a: Spit Poison


You were on level 2 of the Dungeon.
You visited 1 branch of the dungeon, and saw 2 of its levels.

You collected 74 gold pieces.

Inventory:

Armour
 a - a +0 robe (worn)
Jewellery
 f - a ring of fire
Scrolls
 d - a scroll of identify
 e - a scroll of poison {unknown}
Potions
 b - a potion of magic
 c - a potion of curing
 g - a potion of ambrosia {unknown}


   Skills:
 + Level 0.8 Fighting
 - Level 1.5 Dodging
 + Level 3.5 Stealth
 + Level 2.2 Spellcasting
 * Level 4.3 Ice Magic


You had 4 spell levels left.
You knew the following spells:

 Your Spells              Type           Power      Damage    Failure   Level
a - Freeze                Ice            56%        1d7       3%          1

Your spell library contained the following spells:

 Spells                   Type           Power      Damage    Failure   Level
 Frozen Ramparts          Ice            28%        1d5       11%         3
 Ozocubu's Armour         Ice            14%        N/A       11%         3
 Summon Ice Beast         Ice/Summ       8%         N/A       26%         3


Dungeon Overview and Level Annotations

Branches:
Dungeon (2/15)

Altars:
Makhleb

Annotations:
D:2 Robin


Innate Abilities, Weirdness & Mutations

Your serpentine skin is tough. (AC +0)
You have supernaturally acute eyesight. (SInv)
Armour fits poorly on your strangely shaped body.
Your system is resistant to poisons. (rPois)
You cover ground very slowly.
You can spit poison.
You have a snake-like lower body.


Message History

Press: ? - help, Shift-Dir - straight line, f - hobgoblin
Aim: a hobgoblin (59% to hit)
The splash of poison hits the hobgoblin but does no damage.
The hobgoblin is poisoned.
The hobgoblin barely misses you.
Casting: Freeze (safe; 3% risk of failure)
Confirm with . or Enter, or press ? or * to list all spells.
Aiming: Freeze (safe; 3% risk of failure)
Press: ? - help, Shift-Dir - straight line, f - hobgoblin, p - hobgoblin
Aim: a hobgoblin You freeze the hobgoblin!
You kill the hobgoblin!
The hobgoblin misses you.
Unknown command.
You kill the hobgoblin!
You have got your breath back.
A goblin comes into view. It is wielding a +0 club.
Robin of the Strong Arm comes into view.
They are wielding a +0 spear.
A goblin comes into view. It is wielding a +0 club.
You see here 3 boomerangs.
A hobgoblin comes into view.
Robin shouts!
The goblin shouts!
Robin throws the goblin at you!
A goblin comes into view. It is wielding a +0 club.
The goblin hits you with a +0 club. The goblin closely misses you.
The goblin shouts!
The goblin hits you with a +0 club.
A goblin comes into view. It is wielding a +0 dagger.
A hobgoblin comes into view.
The goblin attacks as it pursues you! The goblin barely misses you.
Robin throws the goblin at you! The goblin hits you with a +0 club.
The goblin attacks as it pursues you! The goblin hits you with a +0 club.
The goblin closely misses you. The goblin hits you with a +0 club.
* * * LOW HITPOINT WARNING * * *
Robin roars a battlecry!
The goblins go into a battle-frenzy!
The goblin hits you with a +0 club.
* * * LOW HITPOINT WARNING * * *
You hear a shout!
The goblin barely misses you. The goblin hits you with a +0 club.
You die...

g####..........# .>.§≈§≈≈.§§≈≈≈
.## #.......g.## ...§###≈§§###§
..####..........##.... #§.≈# #≈
....##.........g.#..# ≈# #≈.≈# #≈
...g##.........#.#..#.≈§§≈≈.≈ ≈≈≈
....##......g>g........§......§..
....###......gg#......≈§≈≈≈ ≈≈≈≈
......†...(..#ggg###..§#
......###.###.g#@..#..§# ......#
#.##..####.#..§### .._...#
#....## #.#..≈≈≈≈ ≈≈≈≈ ......#
#...## #........ ...§ ......#
#...# #....≈≈≈≈ ≈≈≈ ##....# #...#
#....≈###≈. #≈ ###### #...#
#....§# §§≈ #≈ #...#
#.<..≈###≈.§###≈ #...#
#....≈≈≈≈≈.≈≈§§≈


You could see Robin, 2 hobgoblins and 5 goblins.

Vanquished Creatures
  A ball python (D:1)
  2 giant cockroaches (D:1)
  5 hobgoblins
  A quokka (D:1)
  3 bats
  A frilled lizard (D:1)
  A goblin (D:1)
  A kobold (D:1)
  5 rats
20 creatures vanquished.

Notes
Turn   | Place    | Note
-------+----------+-------------------------------------------
     0 | D:1      | Ceno the Naga Ice Elementalist began the quest for the Orb.
     0 | D:1      | Reached XP level 1. HP: 15/15 MP: 3/3
   186 | D:1      | Found a faded altar of an unknown god.
   301 | D:1      | Reached XP level 2. HP: 24/24 MP: 5/5
   843 | D:2      | Found a burning altar of Makhleb.
   884 | D:2      | Noticed Robin
   890 | D:2      | Slain by a goblin

Illustrated notes

Levels and vault maps discovered:
D:1:      ebering_trefoil_twist, layout_basic, hellmonk_ecumenical_altar_run_dry
D:2:      layout_rooms, basic_altar, kennysheep_boxes, uniq_robin

Action                     || total
---------------------------++-------
   Cast: Freeze            ||     8
Ability: Spit Poison       ||    19
    Use: Scroll            ||     1
 Armour: Robe              ||    12
  Dodge: Dodged            ||     8

Table legend: (Time is in decaauts)
 A = Elapsed time spent in this place.
 B = Non-inter-level travel time spent in this place.
 C = Inter-level travel time spent in this place.
 D = Time resting spent in this place.
 E = Time spent auto-exploring this place.
 F = Levels seen in this place.
 G = Mean time per level.
                   A        B        C        D        E       F      G
               +--------+--------+--------+--------+--------+-----+--------+
         Total |   1189 |   1164 |     25 |     18 |    916 |   2 |  594.5 |
       Dungeon |   1189 |   1164 |     25 |     18 |    916 |   2 |  594.5 |
               +--------+--------+--------+--------+--------+-----+--------+

Top non-repeatable levels by time:
     D:1: 894 daAuts
     D:2: 294 daAuts
